3R
BOMPTON BABY LAKERS @ GERMANTOWN URUGUAYANS
08/20/2038
 
TOP OF THE 1ST
Bompton Baby Lakers batting - Pitching for Germantown Uruguayans : RHP Eric O'Slattery
Pitching: RHP Eric O'Slattery
Batting: RHB Aaron Tuttle 0-0: Ball
1-0: Fly out, F7 (Flyball, 7LSF, EV 82.5 MPH)
Batting: LHB Ben Chell 0-0: SINGLE (Line Drive, 4M, EV 98.1 MPH)
Batting: RHB Maema Njongmeta 0-0: Ball
1-0: Ball
2-0: Ball
3-0: Called Strike
3-1: Called Strike
3-2: Fly out, F7 (Flyball, 78S, EV 86.2 MPH)
Batting: RHB Rick Pawlowicz 0-0: Swinging Strike
0-1: Swinging Strike
0-2: Ball
1-2: Ball
2-2: Ball
3-2: Fly out, F9 (Flyball, 89D, EV 92.5 MPH)
Top of the 1st over - 0 runs, 1 hit, 0 errors, 1 left on base; Bompton 0 - Germantown 0
BOTTOM OF THE 1ST
Germantown Uruguayans batting - Pitching for Bompton Baby Lakers : RHP Harley Hawk
Pitching: RHP Harley Hawk
Batting: RHB Jorge Gardella 0-0: Foul Ball, location: 2F
0-1: Ball
1-1: Fly out, F3 (Popup, 3SF, EV 82.5 MPH)
Batting: LHB Mhelter Narcida 0-0: SINGLE (Line Drive, 5D, EV 96.9 MPH)
Batting: RHB Harold Keightley 0-0: Foul Ball, location: 2F
0-1: Ball
1-1: Fly out, F8 (Flyball, 8RM, EV 75.0 MPH)
Batting: RHB Kiyoshi Aoki 0-0: Ball
1-0: Ball
2-0: Called Strike
2-1: Swinging Strike
2-2: SINGLE (Line Drive, 7S, EV 101.9 MPH)
Mhelter Narcida to second
Batting: RHB Lachlan Thurgood 0-0: Foul Ball, location: 2F
0-1: Ball
1-1: Fielders Choice at 2nd, 6-4 (Groundball, 6, EV 91.9 MPH)
Bottom of the 1st over - 0 runs, 2 hits, 0 errors, 2 left on base; Bompton 0 - Germantown 0
TOP OF THE 2ND
Bompton Baby Lakers batting - Pitching for Germantown Uruguayans : RHP Eric O'Slattery
Batting: RHB Ken Gil 0-0: Swinging Strike
0-1: Called Strike
0-2: Ball
1-2: Strikes out looking
Batting: RHB Steffen Schulte 0-0: Ball
1-0: Ball
2-0: Swinging Strike
2-1: Foul Ball, location: 2F
2-2: Foul Ball, location: 2F
2-2: Strikes out swinging
Batting: RHB Denny Wolfe 0-0: Ball
1-0: Ball
2-0: Called Strike
2-1: Foul Ball, location: 2F
2-2: Foul Ball, location: 2F
2-2: Foul Ball, location: 2F
2-2: Strikes out swinging
Top of the 2nd over - 0 runs, 0 hits, 0 errors, 0 left on base; Bompton 0 - Germantown 0
BOTTOM OF THE 2ND
Germantown Uruguayans batting - Pitching for Bompton Baby Lakers : RHP Harley Hawk
Batting: RHB Estêvão Reimonde 0-0: Called Strike
0-1: Ball
1-1: Ground out 5-3 (Groundball, 56S, EV 88.1 MPH)
Batting: RHB Anthony McGee 0-0: Called Strike
0-1: Called Strike
0-2: Ball
1-2: SINGLE (Groundball, 56D, EV 101.9 MPH)
Batting: RHB Tetahiti Kelala 0-0: SINGLE (Groundball, 6M, EV 98.8 MPH) (infield hit)
Anthony McGee to second
Batting: RHB Harley Lambert 0-0: Foul Ball, location: 2F
0-1: Called Strike
0-2: Ball
1-2: Foul Ball, location: 2F
1-2: Ball
2-2: Ball
3-2: Foul Ball, location: 2F
3-2: Strikes out swinging
Batting: RHB Jorge Gardella 0-0: Called Strike
0-1: Ball
Wild Pitch!
Anthony McGee to third
Tetahiti Kelala to second
1-1: Called Strike
1-2: Foul Ball, location: 2F
1-2: Foul Ball, location: 2F
1-2: Ball
2-2: Foul Ball, location: 2F
2-2: SINGLE (Line Drive, 9S, EV 108.8 MPH)
Anthony McGee scores
Tetahiti Kelala to third
Batting: LHB Mhelter Narcida 0-0: Called Strike
0-1: Foul Ball, location: 2F
0-2: Fielders Choice at 2nd, 6-4 (Groundball, 6, EV 79.4 MPH)
Bottom of the 2nd over - 1 run, 3 hits, 0 errors, 2 left on base; Bompton 0 - Germantown 1
TOP OF THE 3RD
Bompton Baby Lakers batting - Pitching for Germantown Uruguayans : RHP Eric O'Slattery
Batting: LHB Jon Kelly 0-0: Swinging Strike
0-1: Ball
1-1: Foul Ball, location: 2F
1-2: Strikes out swinging
Batting: LHB Dan Knight 0-0: Fly out, F9 (Flyball, 9S, EV 90.6 MPH)
Batting: RHB Aaron Tuttle 0-0: Ball
1-0: Ball
2-0: Ball
3-0: Base on Balls
Batting: LHB Ben Chell 0-0: SINGLE (Line Drive, 7S, EV 100.0 MPH)
Aaron Tuttle to second
Batting: RHB Maema Njongmeta 0-0: Fly out, F9 (Flyball, 89S, EV 91.9 MPH)
Top of the 3rd over - 0 runs, 1 hit, 0 errors, 2 left on base; Bompton 0 - Germantown 1
BOTTOM OF THE 3RD
Germantown Uruguayans batting - Pitching for Bompton Baby Lakers : RHP Harley Hawk
Batting: RHB Harold Keightley 0-0: Foul Ball, location: 2F
0-1: Fly out, F8 (Flyball, 8RM, EV 91.2 MPH)
Batting: RHB Kiyoshi Aoki 0-0: Ball
1-0: Swinging Strike
1-1: Ball
2-1: Swinging Strike
2-2: Foul Ball, location: 2F
2-2: Foul Ball, location: 2F
2-2: Ball
3-2: Ground out 5-3 (Groundball, 5S, EV 74.4 MPH)
Batting: RHB Lachlan Thurgood 0-0: SINGLE (Groundball, 6MD, EV 101.2 MPH)
Batting: RHB Estêvão Reimonde 0-0: DOUBLE (Line Drive, 89D, EV 106.9 MPH)
Lachlan Thurgood to third
Runner from 3rd tries for Home, SAFE, no throw by RF
Batting: RHB Anthony McGee 0-0: Ball
1-0: Fly out, F8 (Flyball, 78D, EV 88.1 MPH)
Bottom of the 3rd over - 1 run, 2 hits, 0 errors, 1 left on base; Bompton 0 - Germantown 2
TOP OF THE 4TH
Bompton Baby Lakers batting - Pitching for Germantown Uruguayans : RHP Eric O'Slattery
Batting: RHB Rick Pawlowicz 0-0: Called Strike
0-1: Ball
1-1: Ground out 5-3 (Groundball, 5, EV 85.6 MPH)
Batting: RHB Ken Gil 0-0: Ball
1-0: SINGLE (Flyball, 9S, EV 93.8 MPH)
Batting: RHB Steffen Schulte 0-0: Ball
1-0: Grounds into double play, 5-4-3 (Groundball, 56S, EV 81.2 MPH)
Top of the 4th over - 0 runs, 1 hit, 0 errors, 0 left on base; Bompton 0 - Germantown 2
BOTTOM OF THE 4TH
Germantown Uruguayans batting - Pitching for Bompton Baby Lakers : RHP Harley Hawk
Batting: RHB Tetahiti Kelala 0-0: Foul Ball, location: 2F
0-1: Ground out 6-3 (Groundball, 6, EV 98.1 MPH)
Batting: RHB Harley Lambert 0-0: Called Strike
0-1: Ball
1-1: Fly out, F7 (Line Drive, 7D, EV 90.6 MPH)
Batting: RHB Jorge Gardella 0-0: Ball
1-0: Called Strike
1-1: Fly out, F2 (Popup, 3SF, EV 88.1 MPH)
Bottom of the 4th over - 0 runs, 0 hits, 0 errors, 0 left on base; Bompton 0 - Germantown 2
TOP OF THE 5TH
Bompton Baby Lakers batting - Pitching for Germantown Uruguayans : RHP Eric O'Slattery
Batting: RHB Denny Wolfe 0-0: Called Strike
0-1: Foul Ball, location: 2F
0-2: Strikes out swinging
Batting: LHB Jon Kelly 0-0: Called Strike
0-1: Ball
1-1: Ball
2-1: Ball
3-1: Base on Balls
Batting: LHB Dan Knight 0-0: Ball
1-0: Swinging Strike
1-1: Ball
2-1: Fly out, F8 (Flyball, 8RS, EV 91.2 MPH)
Batting: RHB Aaron Tuttle 0-0: Swinging Strike
0-1: Ground out 4-3 (Groundball, 34, EV 78.1 MPH)
Top of the 5th over - 0 runs, 0 hits, 0 errors, 1 left on base; Bompton 0 - Germantown 2
BOTTOM OF THE 5TH
Germantown Uruguayans batting - Pitching for Bompton Baby Lakers : RHP Harley Hawk
Batting: LHB Mhelter Narcida 0-0: Ball
1-0: Ball
2-0: Ground out 4-3 (Groundball, 4, EV 104.4 MPH)
Batting: RHB Harold Keightley 0-0: Ball
1-0: Ground out 1-3 (Groundball, 25, EV 83.1 MPH)
Batting: RHB Kiyoshi Aoki 0-0: Ball
1-0: Ball
2-0: Called Strike
2-1: SINGLE (Groundball, 6D, EV 97.5 MPH)
Batting: RHB Lachlan Thurgood 0-0: Ball
1-0: Foul Ball, location: 2F
1-1: Fly out, F9 (Flyball, 89M, EV 95.0 MPH)
Bottom of the 5th over - 0 runs, 1 hit, 0 errors, 1 left on base; Bompton 0 - Germantown 2
TOP OF THE 6TH
Bompton Baby Lakers batting - Pitching for Germantown Uruguayans : RHP Eric O'Slattery
Batting: LHB Ben Chell 0-0: Ball
1-0: Called Strike
1-1: Fly out, F8 (Flyball, 8LD, EV 101.2 MPH)
Batting: RHB Maema Njongmeta 0-0: Called Strike
0-1: Ball
1-1: Fly out, F8 (Flyball, 8LD, EV 76.9 MPH)
Batting: RHB Rick Pawlowicz 0-0: Fly out, F9 (Flyball, 9LSF, EV 85.6 MPH)
Top of the 6th over - 0 runs, 0 hits, 0 errors, 0 left on base; Bompton 0 - Germantown 2
BOTTOM OF THE 6TH
Germantown Uruguayans batting - Pitching for Bompton Baby Lakers : RHP Harley Hawk
Batting: RHB Estêvão Reimonde 0-0: Ball
1-0: Called Strike
1-1: Foul Ball, location: 2F
1-2: Ball
2-2: Ball
3-2: Foul Ball, location: 2F
3-2: Ground out 5-3 (Groundball, 56S, EV 67.5 MPH)
Batting: RHB Anthony McGee 0-0: Ball
1-0: Swinging Strike
1-1: Ball
2-1: Called Strike
2-2: Foul Ball, location: 2F
2-2: Ground out 1-3 (Groundball, 13S, EV 73.1 MPH)
Batting: RHB Tetahiti Kelala 0-0: Called Strike
0-1: Ground out 5-3 (Groundball, 56, EV 88.8 MPH)
Bottom of the 6th over - 0 runs, 0 hits, 0 errors, 0 left on base; Bompton 0 - Germantown 2
TOP OF THE 7TH
Bompton Baby Lakers batting - Pitching for Germantown Uruguayans : RHP Eric O'Slattery
Batting: RHB Ken Gil 0-0: Foul Ball, location: 2F
0-1: Fly out, F7 (Flyball, 7S, EV 86.9 MPH)
Batting: RHB Steffen Schulte 0-0: Ball
1-0: Ball
2-0: Called Strike
2-1: Fly out, F8 (Flyball, 8RM, EV 89.4 MPH)
Batting: RHB Denny Wolfe 0-0: Ball
1-0: Called Strike
1-1: Ball
2-1: Foul Ball, location: 2F
2-2: Ball
3-2: Foul Ball, location: 2F
3-2: Foul Ball, location: 2F
3-2: DOUBLE (Flyball, 78D, EV 97.5 MPH)
Batting: LHB Jon Kelly 0-0: Ball
1-0: Called Strike
1-1: Ball
2-1: Foul Ball, location: 2F
2-2: SINGLE (Groundball, 56D, EV 93.8 MPH)
Denny Wolfe to third
Runner from 3rd tries for Home, SAFE, no throw by LF
Batting: LHB Dan Knight 0-0: Swinging Strike
0-1: Ball
1-1: Ball
2-1: Swinging Strike
2-2: Fly out, F7 (Line Drive, 7, EV 92.5 MPH)
Top of the 7th over - 1 run, 2 hits, 0 errors, 1 left on base; Bompton 1 - Germantown 2
BOTTOM OF THE 7TH
Germantown Uruguayans batting - Pitching for Bompton Baby Lakers : RHP Harley Hawk
Batting: RHB Harley Lambert 0-0: Ball
1-0: Foul Ball, location: 2F
1-1: Called Strike
1-2: Ball
2-2: Ball
3-2: Strikes out swinging
Batting: RHB Jorge Gardella 0-0: Called Strike
0-1: Fly out, F7 (Flyball, 78S, EV 91.2 MPH)
Batting: LHB Mhelter Narcida 0-0: Ground out 4-3 (Groundball, 4, EV 98.1 MPH)
Bottom of the 7th over - 0 runs, 0 hits, 0 errors, 0 left on base; Bompton 1 - Germantown 2
TOP OF THE 8TH
Bompton Baby Lakers batting - Pitching for Germantown Uruguayans : RHP Eric O'Slattery
Batting: RHB Aaron Tuttle 0-0: Ball
1-0: Ball
2-0: Called Strike
2-1: SINGLE (Flyball, 78D, EV 100.6 MPH)
Pitching: RHP Bruce Mitchell
Batting: LHB Ben Chell 0-0: Sac Bunt to 23 - play at first, batter OUT! 3-4
Aaron Tuttle to second
Batting: RHB Maema Njongmeta 0-0: Ball
1-0: Swinging Strike
1-1: Swinging Strike
1-2: Ball
2-2: Ball
3-2: Strikes out looking
Batting: RHB Rick Pawlowicz 0-0: Called Strike
0-1: Foul Ball, location: 2F
0-2: Strikes out swinging
Top of the 8th over - 0 runs, 1 hit, 0 errors, 1 left on base; Bompton 1 - Germantown 2
BOTTOM OF THE 8TH
Germantown Uruguayans batting - Pitching for Bompton Baby Lakers : RHP Harley Hawk
Pitching: RHP Gene Kelly
Batting: RHB Harold Keightley 0-0: Ground out 5-3 (Groundball, 5S, EV 78.1 MPH)
Batting: RHB Kiyoshi Aoki 0-0: Swinging Strike
0-1: Foul Ball, location: 2F
0-2: Strikes out swinging
Batting: RHB Lachlan Thurgood 0-0: Ball
1-0: Ball
2-0: Called Strike
2-1: SINGLE (Line Drive, 56, EV 95.6 MPH)
Batting: RHB Estêvão Reimonde 0-0: Foul Ball, location: 2F
0-1: Ball
1-1: Called Strike
1-2: Ball
2-2: Foul Ball, location: 2F
2-2: Foul Ball, location: 2F
2-2: Strikes out swinging
Bottom of the 8th over - 0 runs, 1 hit, 0 errors, 1 left on base; Bompton 1 - Germantown 2
TOP OF THE 9TH
Bompton Baby Lakers batting - Pitching for Germantown Uruguayans : RHP Bruce Mitchell
Pitching: RHP Manuel Villanueva
Batting: RHB Ken Gil 0-0: Called Strike
0-1: Ball
1-1: Ball
2-1: Foul Ball, location: 2F
2-2: Foul Ball, location: 2F
2-2: Foul Ball, location: 2F
2-2: Ball
3-2: Ground out 6-3 (Groundball, 6, EV 83.8 MPH)
Batting: RHB Steffen Schulte 0-0: Ball
1-0: Ball
2-0: Called Strike
2-1: Swinging Strike
2-2: Fly out, F8 (Flyball, 8LD, EV 91.9 MPH)
Batting: RHB Denny Wolfe 0-0: Called Strike
0-1: Ball
1-1: Ball
2-1: Ground out 6-3 (Groundball, 56S, EV 90.0 MPH)
Top of the 9th over - 0 runs, 0 hits, 0 errors, 0 left on base; Bompton 1 - Germantown 2
Friday, April 17th, 2020 - OOTP Baseball 20.8 Build 74